 Dungeon Crawl Stone Soup version 0.31-a0-543-geaa9c7a2c0 (webtiles) character file.

Game seed: 14693971556411250188

37 GordonOverkill the Sneak (level 3, 0/19 HPs)
             Began as a Vine Stalker Delver on Aug 15, 2023.
             Slain by a kobold brigand
             ... wielding a +0 short sword
              (2 damage)
             ... on level 4 of the Dungeon.
             The game lasted 00:01:23 (163 turns).

GordonOverkill the Sneak (Vine Stalker Delver)       Turns: 163, Time: 00:01:24

Health: 0/19       AC:  3    Str: 16    XL:     3   Next: 39%
Magic:  0/4        EV: 11    Int: 14    God:
Gold:   0          SH:  0    Dex: 12    Spells: 2/2 levels left

rFire   . . .        h - +9 dagger "Mipt" {chaos, Int+4 Dex-3}
rCold   . . .        (no shield)
rNeg    . . .        b - +0 leather armour
rPois   .            (no helmet)
rElec   .            (no cloak)
rCorr   .            (no gloves)
SInv    .            (no boots)
Will    +....        (no amulet)
Stlth   +++          i - ring of willpower
HPRegen 0.23/turn    (no ring)
MPRegen 0.09/turn

%: guardian spirit
@: no status effects
A: fangs 2, magic shield, antimagic bite, no potion heal 2
a: no special abilities


You were on level 4 of the Dungeon.
You visited 1 branch of the dungeon, and saw 3 of its levels.

Inventory:

Hand Weapons
 a - a +0 mace
 h - the +9 dagger "Mipt" (weapon) {chaos, Int+4 Dex-3}
   (You found it on level 5 of the Dungeon)

   Int+4:     It affects your intelligence (+4).
   Dex-3:     It affects your dexterity (-3).
Armour
 b - a +0 leather armour (worn)
Jewellery
 i - a ring of willpower (left hand)
Wands
 g - a wand of digging (3)
Scrolls
 c - a scroll of fog
 d - a scroll of revelation
 e - a scroll of fear
Potions
 f - a potion of haste


   Skills:
 - Level 2.6 Fighting
 + Level 2.6 Short Blades
 - Level 1.7 Maces & Flails
 - Level 1.5 Dodging
 - Level 6.0 Stealth


You had 2 spell levels left.
You didn't know any spells.
Your spell library contained the following spells:

 Spells                   Type           Power      Damage    Failure   Level
 Inner Flame              Hex/Fire       0%         N/A       71%         3
 Flame Wave               Conj/Fire      0%         2d4       98%         4
 Sticky Flame             Conj/Fire      0%         2d3       98%         4


Dungeon Overview and Level Annotations

Branches:
Dungeon (6/15)
 Temple: D:4-7

Altars:


Innate Abilities, Weirdness & Mutations

You have extremely sharp teeth.
When hurt, damage is shared between your health and your magic reserves.
Your bite disrupts and absorbs the magic of your enemies.
Potions cannot restore your health.


Message History

Your base attributes are Str 14, Int 10, Dex 15.
Increase (S)trength, (I)ntelligence, or (D)exterity?
You feel stronger. x2
Things that are here:
a +0 dagger; a +0 robe; an orc corpse You pick up a book of Flames and begin reading...
You add the spells Inner Flame, Sticky Flame and Flame Wave to your library.
You open the door.
Found 4 javelins.
You start resting.
HP restored.
A kobold brigand comes into view.
It is wielding a +0 short sword and quivering poisoned darts.
There is an open door here.
The kobold brigand shouts!
You hit the kobold brigand but do no damage.
The kobold brigand hits you with a +0 short sword!
* * * LOW HITPOINT WARNING * * *
You barely miss the kobold brigand.
You bite the kobold brigand, but do no damage.
You hit the kobold brigand.
The kobold brigand resists with some effort.
You bite the kobold brigand, but do no damage.
The kobold brigand is lightly wounded.
The kobold brigand hits you with a +0 short sword!
* * * LOW HITPOINT WARNING * * *
You closely miss the kobold brigand.
The kobold brigand is lightly wounded.
The kobold brigand closely misses you.
You hit the kobold brigand but do no damage.
Your bite misses the kobold brigand.
The kobold brigand is lightly wounded.
The kobold brigand blinks!
Found a scroll labelled COLERAIMUT.
The kobold brigand hits you with a +0 short sword.
* * * LOW HITPOINT WARNING * * *
You hit the kobold brigand but do no damage.
You bite the kobold brigand. You drain its power.
You feel invigorated.
The kobold brigand is moderately wounded.
The kobold brigand hits you with a +0 short sword.
You die...

#........# .
#........#
#........#
#........####
#............
#####'###....
####.###....
#...........
+..@K.......
#...........
#........###
#..(.....#
#........#
#........#
#........#
#....?...#


You could see a kobold brigand.

Vanquished Creatures
  An orc wizard (D:4)
  An ufetubus (D:4)
  2 orcs (D:4)
  A hobgoblin (D:4)
  A kobold (D:4)
6 creatures vanquished.

Notes
Turn   | Place    | Note
-------+----------+-------------------------------------------
     0 | D:5      | GordonOverkill the Vine Stalker Delver began the quest for
                  | the Orb.
     0 | D:5      | Reached XP level 1. HP: 11/11 MP: 2/2
    26 | D:6      | Noticed an orc priest
    40 | D:5      | Identified the +9 dagger "Mipt" {chaos, Int+4 Dex-3}
    64 | D:4      | Noticed an orc wizard
    80 | D:4      | Reached skill level 1 in Short Blades
    80 | D:4      | Reached XP level 2. HP: 13/16 MP: 1/3
   127 | D:4      | Reached XP level 3. HP: 13/19 MP: 4/4
   153 | D:4      | Noticed a kobold brigand
   163 | D:4      | Slain by a kobold brigand

Illustrated notes

Levels and vault maps discovered:
D:4:      layout_basic, mainiacjoe_overflow_alcove_4, serial_shops, shop,
          gammafunk_ghost_split, lightli_corner_chamber
D:5:      layout_basic, zin_scriptorium
D:6:      minmay_spotlight, layout_loops_cross, minmay_temple_entry_grid,
          sword_in_stone

Skill      XL: |  1  2 |
---------------+-------+-----
Short Blades   | 1 2 |  2.6
Fighting       | |  2.6
Maces & Flails | |  1.7
Dodging        | |  1.5
Stealth        | |  6.0

Action                     || total
---------------------------++-------
  Melee: Dagger            ||    19
         Punch             ||     1
         Bite              ||     3
  Dodge: Dodged            ||     8

Table legend: (Time is in decaauts)
 A = Elapsed time spent in this place.
 B = Non-inter-level travel time spent in this place.
 C = Inter-level travel time spent in this place.
 D = Time resting spent in this place.
 E = Time spent auto-exploring this place.
 F = Levels seen in this place.
 G = Mean time per level.
                   A        B        C        D        E       F      G
               +--------+--------+--------+--------+--------+-----+--------+
         Total |    160 |    160 |      0 |     27 |      0 |   3 |   53.3 |
       Dungeon |    160 |    160 |      0 |     27 |      0 |   3 |   53.3 |
               +--------+--------+--------+--------+--------+-----+--------+

Top non-repeatable levels by time:
     D:4: 101 daAuts
     D:5: 57 daAuts
     D:6: 1 daAuts
